 Dungeon Crawl Stone Soup version 0.26-a0-712-ga5a9c9c9d0 (webtiles) character file.

Game seed: 8549144040571843282

515 Azzok the Chopper (level 7, 39/52 HPs)
             Began as a Demonspawn Berserker on Nov 5, 2020.
             Was a Believer of Trog.
             Quit the game on level 4 of the Dungeon.
             The game lasted 00:04:09 (4630 turns).

Azzok the Chopper (Demonspawn Berserker)            Turns: 4630, Time: 00:04:10

Health: 39/52      AC:  7    Str: 19    XL:     7   Next: 0%
Magic:  7/7        EV: 10    Int:  9    God:    Trog [**....]
Gold:   212        SH:  0    Dex: 12    Spells: 6/6 levels left

rFire    + . .     SeeInvis .   u - +2 long sword (vorpal)
rCold    x . .     Faith    .   (no shield)
rNeg     . . .     Spirit   .   f - +0 scale mail
rPois    .         Reflect  .   (no helmet)
rElec    .         Harm     .   g - +0 cloak (curse)
rCorr    .         Rampage  .   (no gloves)
MR       .....                  (no boots)
Stlth    ..........             (no amulet)
HPRegen  0.17/turn              t - ring of fire
MPRegen  0.10/turn              (no ring)

@: no status effects
A: claws 1, powered by death 2, powered by pain 1
a: Berserk, Trog's Hand, Renounce Religion


You were on level 4 of the Dungeon.
You worshipped Trog.
Trog was pleased with you.
You visited 1 branch of the dungeon, and saw 4 of its levels.

You collected 212 gold pieces.

Inventory:

Hand Weapons
 a - a +0 hand axe
 u - a +2 vorpal long sword (weapon)
Armour
 f - a +0 scale mail (worn)
 g - a cursed +0 cloak (worn)
Jewellery
 t - a ring of fire (left claw)
Wands
 l - a wand of disintegration (9)
 o - a wand of iceblast (6)
Scrolls
 b - 3 scrolls of remove curse {unknown}
 d - 2 scrolls of amnesia {unknown}
 e - 3 scrolls of enchant armour {unknown}
 h - 2 scrolls of noise {unknown}
 i - 2 scrolls of teleportation {unknown}
 j - 5 scrolls of identify {unknown}
 p - a scroll of enchant weapon {unknown}
 q - a scroll of blinking {unknown}
 r - a scroll of fog {unknown}
 s - a scroll of magic mapping {unknown}
Potions
 c - 2 potions of curing {unknown}
 k - a potion of brilliance {unknown}
 m - a potion of stabbing {unknown}
 n - a potion of might {unknown}
 v - a potion of haste {unknown}
 w - a potion of degeneration {unknown}


   Skills:
 - Level 3.0 Fighting
 + Level 7.3 Axes
 - Level 1.7 Armour
 - Level 1.7 Dodging


You had 6 spell levels left.
You didn't know any spells.
Your spell library was empty.

Dungeon Overview and Level Annotations

Branches:
Dungeon (4/15)             Temple (0/1) D:4

Altars:
Beogh

Annotations:
D:3 3 runed translucent doors, EnegeticOcto's ghost, weakling DDFi


Innate Abilities, Weirdness & Mutations

You have sharp fingernails.
You regenerate health from kills.
You sometimes gain a little power by taking damage.


Message History

You closely miss the phantom.
The phantom is moderately damaged.
The phantom blinks!
The phantom closely misses you.
You riposte.
You hit the phantom.
The phantom is heavily damaged.
You slash the phantom!
The phantom is severely damaged.
The phantom hits you but does no damage.
You hit the phantom.
The phantom is almost destroyed.
The phantom blinks!
You hit the phantom.
You destroy the phantom!
Trog accepts your kill.
Your Axes skill increases to level 7!
You have reached level 7!
You feel monstrous as your demonic heritage exerts itself.
Your demonic ancestry asserts itself...
Your fingernails lengthen.
Are you sure you want to abandon this character and quit the game? (Confirm with "yes".)

▒▒▒▒▒ ▒·· ···▒
▒▒·▒▒▒▒▒▒▒▒·▒▒
▒············▒▒▒
▒··▒▒·····@····▒ ▒▒▒▒
▒··▒▒·▒▒▒▒▒··▒·▒ ···▒
▒··▒▒·▒ ▒··▒·▒▒▒▒▒▒▒▒▒▒
▒▒·▒ ▒··▒▒·▒
▒··▒··········▒ ▒▒·▒
▒··▒▒·▒▒▒▒▒··▒··▒▒▒▒▒▒▒·▒
···▒▒▒▒········▒▒··▒··▒
▒·▒
▒▒·▒▒···········▒··▒··▒
▒·▒
▒▒·················▒··▒
▒·▒
·▒··········▒▒··▒▒·▒··▒▒▒
▒·▒


There were no monsters in sight!

Vanquished Creatures
  A phantom (D:4)
  An ogre (D:4)
  An iguana (D:4)
  Natasha (thrice) (D:4)
  4 worker ants (D:4)
  A howler monkey skeleton (D:4)
  4 adders
  A river rat (D:4)
  3 oozes
  2 adder skeletons (D:4)
  4 worms
  A leopard gecko (D:1)
  5 orcs (D:3)
  3 ball pythons
  4 giant cockroaches
  5 goblins
  4 hobgoblins
  10 kobolds
  6 bats
  3 frilled lizards
  A leopard gecko skeleton (D:3)
  11 rats
78 creatures vanquished.

Notes
Turn   | Place    | Note
-------+----------+-------------------------------------------
     0 | D:1      | Azzok the Demonspawn Berserker began the quest for the Orb.
     0 | D:1      | Reached XP level 1. HP: 18/18 MP: 1/1
    25 | D:1      | Reached skill level 3 in Axes
   319 | D:1      | Gained mutation: You regenerate a little health from kills.
                  | [demonic ancestry]
   319 | D:1      | Reached XP level 2. HP: 15/24 MP: 2/2
  1328 | D:2      | Gained mutation: You sometimes gain a little power by
                  | taking damage. [demonic ancestry]
  1328 | D:2      | Reached XP level 3. HP: 29/29 MP: 3/3
  1391 | D:2      | Reached skill level 4 in Axes
  1441 | D:2      | Reached ** piety under Trog
  2258 | D:3      | Reached XP level 4. HP: 35/35 MP: 4/4
  2448 | D:3      | Found a runed translucent gate.
  2449 | D:3      | Found a runed translucent gate.
  2450 | D:3      | Identified the +2 whip "Mifromp" {vorpal, Str+2}
  2450 | D:3      | Identified the +2 leather armour of Ghostly Liberty {+Blink
                  | Str+4}
  2486 | D:3      | Noticed EnegeticOcto's ghost (weakling DDFi)
  2489 | D:3      | Found a runed translucent gate.
  2612 | D:3      | Found a roughly hewn altar of Beogh.
  3331 | D:4      | Reached skill level 5 in Axes
  3563 | D:4      | Reached XP level 5. HP: 37/41 MP: 5/5
  3600 | D:4      | Noticed an ogre
  3602 | D:4      | Noticed Natasha
  3604 | D:4      | Killed an ogre
  3605 | D:4      | Killed Natasha
  3605 | D:4      | Reached skill level 6 in Axes
  3695 | D:4      | Noticed Natasha
  3705 | D:4      | Killed Natasha
  3705 | D:4      | Gained mutation: You regenerate health from kills. [demonic
                  | ancestry]
  3705 | D:4      | Reached XP level 6. HP: 24/47 MP: 6/6
  3879 | D:4      | Found a staircase to the Ecumenical Temple.
  3941 | D:4      | Noticed Natasha
  3948 | D:4      | Killed Natasha
  4629 | D:4      | Reached skill level 7 in Axes
  4629 | D:4      | Gained mutation: You have sharp fingernails. [demonic
                  | ancestry]
  4629 | D:4      | Reached XP level 7. HP: 39/52 MP: 7/7
  4630 | D:4      | Quit the game

Illustrated notes

Levels and vault maps discovered:
D:1:      giann_horns, layout_basic, chequers_jeans, st_stairs_4
D:2:      layout_rooms, minmay_misc_feat_doors
D:3:      layout_basic, biasface_ghost_orc_armoury
D:4:      layout_loops_ring, minmay_temple_entry_statues_pillars,
          portal_sewer_entry_b, uniq_natasha

Skill      XL: |  1  2  3  4  5  6 |
---------------+-------------------+-----
Axes           | 3 4 5 6 7 |  7.3
Fighting       | |  3.0
Armour         | |  1.7
Dodging        | |  1.7

Action                   |  1- 3 |  4- 6 |  7- 9 || total
-------------------------+-------+-------+-------++-------
Melee: Hand axe          |   137 |    86 |       ||   223
       Long sword        |       |    78 |       ||    78
Invok: Berserk           |     3 |     3 |       ||     6
 Stab: Sleeping          |     1 |       |       ||     1
Armor: Animal skin       |     6 |       |       ||     6
       Scale mail        |    35 |    70 |       ||   105
Dodge: Dodged            |    78 |    98 |       ||   176
       Rpst.: Long sword |       |    18 |       ||    18

Table legend: (Time is in decaauts)
 A = Elapsed time spent in this place.
 B = Non-inter-level travel time spent in this place.
 C = Inter-level travel time spent in this place.
 D = Time resting spent in this place.
 E = Time spent auto-exploring this place.
 F = Levels seen in this place.
 G = Mean time per level.
                   A        B        C        D        E       F      G
               +--------+--------+--------+--------+--------+-----+--------+
         Total |   4729 |   4634 |     95 |    510 |   3447 |   4 | 1182.2 |
       Dungeon |   4729 |   4634 |     95 |    510 |   3447 |   4 | 1182.2 |
               +--------+--------+--------+--------+--------+-----+--------+

Top non-repeatable levels by time:
     D:3: 1419 daAuts
     D:4: 1409 daAuts
     D:1: 1210 daAuts
     D:2: 690 daAuts
